 Dungeon Crawl Stone Soup version 0.31-a0-128-g25add195a6 (webtiles) character file.

Game seed: 10746760661120943896

37 kae the Changer (level 3, -7/28 HPs)
             Began as a Draconian Transmuter on June 1, 2023.
             Mangled by a gnoll
             ... wielding a +0 spear
              (9 damage)
             ... on level 2 of the Dungeon.
             The game lasted 00:01:06 (887 turns).

kae the Changer (Draconian Transmuter)               Turns: 887, Time: 00:01:07

Health: -7/28      AC:  5    Str: 12    XL:     3   Next: 23%
Magic:  3/6        EV: 12    Int: 15    God:
Gold:   84         SH:  0    Dex: 11    Spells: 4/7 levels left

rFire   . .          .
                       - Unarmed
rCold   . . .        (no shield)
rNeg    . . .        (body armour unavailable)
rPois   .            (helmet currently unavailable)
rElec   .            (no cloak)
rCorr   .            (no gloves)
SInv    .            (boots currently unavailable)
Will    .....        (no amulet)
Stlth   +            (no ring)
HPRegen 0.24/turn    (no ring)
MPRegen 0.10/turn

%: no passive effects
@: appendages (expiring), wereblooded, on berserk cooldown, slowed, very slow
A: horns 2, talons 2, AC +5, unfitting armour, cold-blooded
a: End Transformation


You were on level 2 of the Dungeon.
You had temporarily grown beastly horns and talons.
You visited 1 branch of the dungeon, and saw 2 of its levels.

You collected 84 gold pieces.


Innate Abilities, Weirdness & Mutations

You have temporarily grown beastly horns and talons.
Your plain brown scales are hard. (AC +5)
You cannot fit into any form of body armour.
You are cold-blooded and may be slowed by cold attacks.


   Skills:
 - Level 1.1 Fighting
 - Level 1.7 Dodging
 - Level 3.0 Unarmed Combat
 + Level 2.5 Spellcasting
 * Level 3.2 Transmutations


You had 4 spell levels left.
You knew the following spells:

 Your Spells              Type           Power      Damage    Failure   Level
a - Beastly Appendage     Tmut           22%        N/A       5%          1
b - Wereblood             Tmut           11%        N/A       9%          2

Your spell library contained the following spells:

 Spells                   Type           Power      Damage    Failure   Level
 Spider Form              Tmut/Pois      6%         N/A       32%         3
 Ice Form                 Ice/Tmut       6%         N/A       71%         4

Inventory:

Missiles
 b - 16 stones
Potions
 a - a potion of lignification {!q}

Dungeon Overview and Level Annotations

Branches:
Dungeon (2/15) Zot: 11115

Altars:

## #### #. ..# #. #.#
##.#######.######..
#...##.....@gg.....
####......###.##g..#..
#........## #.# ...#
#.###.##.# #.# .## #
#.##.####.# #
#.........#
#....###### ###..#
##+## #..# ##...##


You could see 3 gnolls.


Message History

No target in view!
Your transformation is almost over.
Your horns disappear.
Your talons disappear.
You now have 84 gold pieces (gained 12).
d - a scroll labelled KIAGGOFONA 😎 MP[+1]
Your mp is fully restored (5).
An endoplasm comes into view.
An endoplasm is nearby!
An endoplasm is nearby!
An endoplasm is nearby!
Casting: Beastly Appendage (safe; 7% risk of failure)
Confirm with . or Enter, or press ? or * to list all spells.
You grow a pair of large bovine horns.
Your feet morph into talons. 😎 MP[-1]
You lost 1 mp, and now have 4/5 mp.
A gnoll comes into view. It is wielding a +0 club.
The gnoll shouts!
You hear a shout! x2
A gnoll comes into view. It is wielding a +0 club.
A gnoll comes into view. It is wielding a +0 whip.
You hit the endoplasm. Your kick misses the endoplasm.
The endoplasm barely misses you.
There are monsters nearby!
You hit the endoplasm.
You kill the endoplasm!
Unknown command.
There are monsters nearby!
Unknown command.
Casting: Beastly Appendage (safe; 7% risk of failure)
Confirm with . or Enter, or press ? or * to list all spells.
Your blood is infused with primal strength.
The gnoll hits you with a +0 club.
A gnoll comes into view. It is wielding a +0 spear.
Your transformation is almost over.
The gnoll shouts!
The gnoll hits you with a +0 club. 😮 HP[-7] MP[-2]
You take 7 damage, and now have 16/23 hp.
MASSIVE DAMAGE!! (PAUSE)
You lost 2 mp, and now have 2/5 mp.
You closely miss the gnoll. You claw the gnoll.
You tail-slap the gnoll, but do no damage.
The gnoll closely misses you.
The gnoll hits you from afar with a +0 spear. 😮 HP[-2]
You take 2 damage, and now have 14/23 hp.
Unknown command.
You hit the gnoll. You claw the gnoll.
You feel a bit better.
You kill the gnoll!
The gnoll throws a throwing net.
The throwing net hits you.
You become entangled in the net!
The gnoll barely misses you.
You have reached level 3!
Your experience leads to an increase in your attributes!
Increase (S)trength, (I)ntelligence, or (D)exterity?
You feel clever. x2; Your scales feel tougher. 😮 HP[+5]
You now have 28 max hp (+5).
You regained 5 hp, and now have 19/28 hp.
Okay, then.
As you read the scroll labelled KIAGGOFONA, it crumbles to dust.
It is a scroll of brand weapon.
You aren't carrying any weapons that can be branded.
The gnoll hits you from afar with a +0 spear. 😮 HP[-4] MP[+1]
You take 4 damage, and now have 15/28 hp.
You aren't carrying any scrolls.
It was a potion of berserk rage.
A red film seems to cover your vision as you go berserk!
You feel yourself moving faster!
You feel mighty! The gnoll hits you with a +0 whip.
* * * LOW HITPOINT WARNING * * *
The gnoll hits you from afar with a +0 spear.
* * * LOW HITPOINT WARNING * * *
😨 HP[+1]
You now have 42 max hp (+14).
You struggle against the net.
You feel a strong urge to attack something.
The gnoll hits you but does no damage. The gnoll hits you with a +0 whip.
* * * LOW HITPOINT WARNING * * *
😨 HP[-4]
You take 4 damage, and now have 12/42 hp.
You struggle against the net.
You howl as the wereblood boils in your veins!
The gnoll hits you from afar with a +0 spear.
* * * LOW HITPOINT WARNING * * *
The gnoll hits you with a +0 whip.
* * * LOW HITPOINT WARNING * * *
😱 HP[-10]
You take 10 damage, and now have 2/42 hp.
MASSIVE DAMAGE!! (PAUSE)
You struggle against the net.
You feel your anger nearly subside.
You are no longer berserk.
You are exhausted.
You feel yourself slow down.
You now have 28 max hp (-14).
You rip the net and break free!
The gnoll barely misses you. The gnoll closely misses you.
The gnoll hits you from afar with a +0 spear!
You die...

Skill      XL: |  1  2 |
---------------+-------+-----
Transmutations | 3 |  3.2
Fighting       | |  1.1
Dodging        | |  1.7
Unarmed Combat | |  3.0
Spellcasting   | |  2.5

Action                     || total
---------------------------++-------
  Melee: Unarmed           ||    60
         Kick              ||    12
         Headbutt          ||     8
         Tailslap          ||     7
         Punch             ||     1
   Cast: Beastly Appendage ||    12
         Wereblood         ||     1
    Use: Scroll            ||     5
         Potion            ||     1
 Armour: Skin              ||    19
  Dodge: Dodged            ||    38

Levels and vault maps discovered:
D:1:      dpeg_arrival_short_road, layout_rooms,
          hellmonk_ecumenical_altar_defaced_shrine, reono_crystal_passage
D:2:      layout_loops_corners, serial_shops, nicolae_shop_tiny_waterfront,
          serial_forest, infiniplex_forest_clump_large,
          infiniplex_forest_lined_ring, infiniplex_forest_end_1,
          infiniplex_forest_clump_long

Notes
Turn   | Place    | Note
-------+----------+-------------------------------------------
     0 | D:1      | kae the Draconian Transmuter began the quest for the Orb.
     0 | D:1      | Reached XP level 1. HP: 16/16 MP: 3/3
     0 | D:1      | magus.rc [v1.11.3]
    32 | D:1      | HP: 4/16 [hobgoblin (4)]
    37 | D:1      | HP: 1/16 [rat (2)]
   241 | D:1      | Reached XP level 2. HP: 20/23 MP: 3/5
   621 | D:1      | Reached skill level 3 in Transmutations
   642 | D:1      | Found a faded altar of an unknown god.
   757 | D:1      | Learned a level 2 spell: Wereblood
   882 | D:2      | Reached XP level 3. HP: 19/28 MP: 2/6
   885 | D:2      | HP: 7/42 [gnoll/+0 spear (5)]
   885 | D:2      | HP: 2/42 [gnoll/+0 whip (5)]
   887 | D:2      | Mangled by a gnoll

Vanquished Creatures
  A gnoll (D:2)
  2 bats (D:1)
  4 endoplasms
  2 giant cockroaches (D:1)
  A goblin (D:1)
  6 hobgoblins (D:1)
  2 kobolds (D:1)
  2 frilled lizards
  4 rats (D:1)
24 creatures vanquished.

Table legend:
 A = Non-vault XP
 B = Vault XP
 C = Vault XP percentage of total XP
 D = Non-vault monster count
 E = Vault monster count
 F = Vault count percentage of total count
                 A         B        C        D         E       F
            +---------+---------+-------+---------+---------+-------
      Total |      49 |       5 |   9.3 |      20 |       4 |  16.7
            +---------+---------+-------+---------+---------+-------
        D:1 |      32 |       5 |  13.5 |      17 |       4 |  19.0
        D:2 |      17 |       0 |   0.0 |       3 |       0 |   0.0
            +---------+---------+-------+---------+---------+-------

Skill      XL: |  1  2 |
---------------+-------+-----
Transmutations | 3 |  3.2
Fighting       | |  1.1
Dodging        | |  1.7
Unarmed Combat | |  3.0
Spellcasting   | |  2.5

Action                     || total
---------------------------++-------
  Melee: Unarmed           ||    60
         Kick              ||    12
         Headbutt          ||     8
         Tailslap          ||     7
         Punch             ||     1
   Cast: Beastly Appendage ||    12
         Wereblood         ||     1
    Use: Scroll            ||     5
         Potion            ||     1
 Armour: Skin              ||    19
  Dodge: Dodged            ||    38

Illustrated notes

Table legend:
 A = Kills in this place as a percentage of kills in the entire game.
 B = Kills by you in this place as a percentage of kills by you in the entire game.
 C = Kills by friends in this place as a percentage of kills by friends in the entire game.
 D = Other kills in this place as a percentage of other kills in the entire game.
 E = Experience gained in this place as a percentage of experience gained in the entire game.
 F = Experience gained in this place divided by the number of levels of this place that you have seen.
                   A       B       C       D       E      F
               +-------+-------+-------+-------+-------+----------------------
         Total | 100.0 | 100.0 |   N/A |   N/A | 100.0 |  27.0
       Dungeon | 100.0 | 100.0 |   N/A |   N/A | 100.0 |  27.0
               +-------+-------+-------+-------+-------+----------------------

Table legend: (Time is in decaauts)
 A = Elapsed time spent in this place.
 B = Non-inter-level travel time spent in this place.
 C = Inter-level travel time spent in this place.
 D = Time resting spent in this place.
 E = Time spent auto-exploring this place.
 F = Levels seen in this place.
 G = Mean time per level.
                   A        B        C        D        E       F      G
               +--------+--------+--------+--------+--------+-----+--------+
         Total |    883 |    859 |     24 |      0 |    697 |   2 |  441.5 |
       Dungeon |    883 |    859 |     24 |      0 |    697 |   2 |  441.5 |
               +--------+--------+--------+--------+--------+-----+--------+

Top non-repeatable levels by time:
     D:1: 778 daAuts
     D:2: 104 daAuts
